 Dungeon Crawl Stone Soup version 0.27-a0-906-g0a00ce863d (webtiles) character file.

Game seed: 2442679203704680644

46 night the Magician (level 3, -1/29 HPs)
             Began as a Djinni Earth Elementalist on Apr 8, 2021.
             Slain by a hobgoblin (5 damage)
             ... on level 2 of the Dungeon.
             The game lasted 00:04:25 (2292 turns).

night the Magician (Djinni Earth Elementalist)      Turns: 2292, Time: 00:04:25

Health: -1/29      AC:  2    Str:  7    XL:     3   Next: 66%
Gold:   67         EV: 12    Int: 17    God:
                   SH:  0    Dex: 13

rFire    + + .     SeeInvis .   k - +4 dagger
rCold    x . .     Faith    .   (no shield)
rNeg     . . .     Spirit   .   c - +0 robe
rPois    ∞         Reflect  .   (no helmet)
rElec    .         Harm     .   (no cloak)
rCorr    .         Rampage  .   (no gloves)
Will     .....                  (boots unavailable)
Stlth    ++........             (no amulet)
HPRegen  0.09/turn              (no ring)
MPRegen  0.00/turn              (no ring)

@: flying, very slightly contaminated
A: fire resistance 2, cold vulnerability 1, float, innate caster, hp casting,
extra vitality 1
a: no special abilities


You were on level 2 of the Dungeon.
You visited 1 branch of the dungeon, and saw 2 of its levels.

You collected 67 gold pieces.

Inventory:

Hand Weapons
 k - a +4 dagger (weapon)
Missiles
 b - 21 stones
 d - 22 sling bullets
 j - 14 arrows
 l - 12 poisoned darts
Armour
 c - a +0 robe (worn)
 n - a +0 buckler
Jewellery
 i - a ring of fire
 m - a +6 ring of dexterity
Scrolls
 h - 2 scrolls of identify {unknown}
 p - a scroll of amnesia {unknown}
Potions
 a - 2 potions of magic {unknown}
 e - a potion of curing {unknown}
 f - a potion of mutation {unknown}
 g - a potion of berserk rage {unknown}
 o - a potion of haste {unknown}


   Skills:
 * Level 2.5 Fighting
 - Level 2.1 Dodging
 - Level 1.5 Stealth
 + Level 3.1 Spellcasting


You couldn't memorise any spells.
You knew the following spells:

 Your Spells              Type           Power      Damage    Failure   Level
a - Sandblast             Erth           26%        2d8       4%          1
b - Stone Arrow           Conj/Erth      26%        3d8       14%         3
c - Passwall              Tmut/Erth      10%        N/A       7%          2
d - Petrify               Tmut/Erth      13%        N/A       43%         4
e - Lee's Rapid Deconstr  Erth           6%         3d7*      78%         5
f - Apportation           Tloc           26%        N/A       4%          1
Your spell library was empty.

Dungeon Overview and Level Annotations

Branches:
Dungeon (2/15)

Altars:

Shops:
D:1 :

Annotations:
D:2 1 exclusion, Sigmund


Innate Abilities, Weirdness & Mutations

You are immune to poison.
Your flesh is very heat resistant. (rF++)
You are vulnerable to cold. (rC-)
You float through the air rather than walking.
You learn spells naturally, not from books.
Your magical power is your life essence.
You have superior vitality. (+4 HP)


Message History

The hobgoblin shouts!
Casting: Stone Arrow (quite dangerous; 14% risk of failure)
Confirm with . or Enter, or press ? or * to list all spells.
The spell is quite dangerous to cast (14% risk of failure)!
Continue anyway?
Aiming: Stone Arrow (quite dangerous; 14% risk of failure)
Press: ? - help, Shift-Dir - straight line, f - hobgoblin
Aim: a hobgoblin (32% to evade)
You miscast Stone Arrow.
You are very lightly contaminated with residual magic.
Nothing appears to happen.
Casting: Stone Arrow (quite dangerous; 14% risk of failure)
Confirm with . or Enter, or press ? or * to list all spells.
The spell is quite dangerous to cast (14% risk of failure)!
Continue anyway?
Aiming: Stone Arrow (quite dangerous; 14% risk of failure)
Press: ? - help, Shift-Dir - straight line, f/p - hobgoblin
Aim: a hobgoblin (32% to evade)
You miscast Stone Arrow.
Nothing appears to happen.
Casting: Stone Arrow (quite dangerous; 14% risk of failure)
Confirm with . or Enter, or press ? or * to list all spells.
Aiming: Sandblast (safe; 4% risk of failure)
Press: ? - help, Shift-Dir - straight line, f/p - hobgoblin
Aim: a hobgoblin (21% to evade)
The blast of sand hits the hobgoblin.
The hobgoblin is heavily wounded.
Casting: Sandblast (safe; 4% risk of failure)
Confirm with . or Enter, or press ? or * to list all spells.
Aiming: Sandblast (safe; 4% risk of failure)
Press: ? - help, Shift-Dir - straight line, f/p - hobgoblin
Aim: a hobgoblin (heavily wounded, 21% to evade)
The blast of sand misses the hobgoblin.
The hobgoblin hits you.
* * * LOW HITPOINT WARNING * * *
Casting: Sandblast (safe; 4% risk of failure)
Confirm with . or Enter, or press ? or * to list all spells.
Aiming: Sandblast (safe; 4% risk of failure)
Press: ? - help, Shift-Dir - straight line, f/p - hobgoblin
Aim: a hobgoblin (heavily wounded, 21% to evade)
You miscast Sandblast.
Nothing appears to happen.
* * * LOW HITPOINT WARNING * * *
The hobgoblin hits you.
You die...

........≈≈(≈≈≈≈≈..#
.......≈≈.≈≈.≈≈≈..#
.##+##.≈≈.≈≈≈≈≈≈..#
. ♣≈.≈≈≈≈≈≈.≈♣# #
.P≈≈.≈.≈....######
....≈≈≈.≈≈P.......
#...♣..P..........
.........g........
#..†....)@.......
#...............(
#................
#.........>......
########.........
##########


You could see a hobgoblin.

Vanquished Creatures
  An adder (D:2)
  2 dart slugs (D:2)
  3 endoplasms
  2 giant cockroaches
  5 hobgoblins
  2 quokkas
  4 bats (D:1)
  3 frilled lizards
  6 goblins
  2 kobolds
  3 rats
33 creatures vanquished.

Vanquished Creatures (others)
  2 plants (D:2)
2 creatures vanquished.

Grand Total: 35 creatures vanquished

Notes
Turn   | Place    | Note
-------+----------+-------------------------------------------
     0 | D:1      | night the Djinni Earth Elementalist began the quest for the
                  | Orb.
     0 | D:1      | Reached XP level 1. HP: 15/15 MP: 0/0
   296 | D:1      | Found Ruobarch's Book Boutique.
   413 | D:1      | Reached skill level 1 in Fighting
   415 | D:1      | Reached XP level 2. HP: 19/22 MP: 0/0
  1395 | D:2      | Noticed Sigmund
  1701 | D:2      | Reached skill level 3 in Spellcasting
  1860 | D:2      | Reached skill level 2 in Fighting
  1860 | D:2      | Reached XP level 3. HP: 26/28 MP: 0/0
  1860 | D:2      | Learned a level 1 spell: Apportation
  2292 | D:2      | Slain by a hobgoblin

Illustrated notes

Levels and vault maps discovered:
D:1:      ncdulo_watergridlock, layout_basic, serial_shops, shop, st_stairs_1
D:2:      layout_basic, grunt_decor_one_mirror, serial_bayou_pond_b,
          kennysheep_generic_room_8, uniq_sigmund

Skill      XL: |  1  2 |
---------------+-------+-----
Fighting       | 1 2 |  2.5
Spellcasting   | 3 |  3.1
Dodging        | |  2.1
Stealth        | |  1.5

Action                   || total
-------------------------++-------
Melee: Unarmed           ||     3
       Dagger            ||    25
       Short sword       ||     5
 Cast: Sandblast         ||    30
       Stone Arrow       ||     8
Armor: Robe              ||     8
Dodge: Dodged            ||    36

Table legend: (Time is in decaauts)
 A = Elapsed time spent in this place.
 B = Non-inter-level travel time spent in this place.
 C = Inter-level travel time spent in this place.
 D = Time resting spent in this place.
 E = Time spent auto-exploring this place.
 F = Levels seen in this place.
 G = Mean time per level.
                   A        B        C        D        E       F      G
               +--------+--------+--------+--------+--------+-----+--------+
         Total |   2294 |   2128 |    166 |    528 |   1303 |   2 | 1147.0 |
       Dungeon |   2294 |   2128 |    166 |    528 |   1303 |   2 | 1147.0 |
               +--------+--------+--------+--------+--------+-----+--------+

Top non-repeatable levels by time:
     D:1: 1800 daAuts
     D:2: 494 daAuts
